 Dungeon Crawl Stone Soup version 0.26.1-11-gd32895ea62 (webtiles) character file.

Game seed: 15378942682341992252

10576 dtburroughs the Cleaver (level 11, -1/97 HPs)
             Began as a Minotaur Berserker on June 22, 2021.
             Was a High Priest of Trog.
             Slain by a six-headed hydra (10 damage)
             ... on level 1 of the Lair of Beasts.
             The game lasted 00:24:16 (10530 turns).

dtburroughs the Cleaver (Minotaur Berserker)       Turns: 10530, Time: 00:24:17

Health: -1/97      AC: 18    Str: 23    XL:     11   Next: 38%
Magic:  19/19      EV: 10    Int:  7    God:    Trog [*****.]
Gold:   529        SH:  0    Dex:  9    Spells: 10/10 levels left

rFire    + . .     SeeInvis +   Q - +7 mace of Variability {chain chaos}
rCold    . . .     Faith    .   (shield currently unavailable)
rNeg     . . .     Spirit   .   l - +0 plate armour
rPois    .         Reflect  .   N - +0 hat
rElec    .         Harm     .   j - +1 cloak
rCorr    .         Rampage  .   p - +0 pair of gloves
Will     ++...                  (no boots)
Stlth    ..........             F - amulet of regeneration
HPRegen  1.66/turn              c - ring "Anusaditz" {MP+9 SInv}
MPRegen  0.16/turn              m - ring of protection from fire

@: mighty, regenerating
A: retaliatory headbutt, horns 2
a: Renounce Religion, Berserk, Trog's Hand, Brothers in Arms


You were on level 1 of the Lair of Beasts.
You worshipped Trog.
Trog was extremely pleased with you.
You visited 2 branches of the dungeon, and saw 11 of its levels.
You also visited: Ossuary.

You collected 529 gold pieces.

Inventory:

Hand Weapons
 f - a +1 hand axe of electrocution
 r - a +2 vorpal hand axe
 I - a +3 flail
 K - the +11 dire flail of Feisaem {flame, rPois rN+ Str-2 Int+4}
   (Trog gifted it to you on level 7 of the Dungeon)

   It has been specially enchanted to burn those struck by it, causing extra
   injury to most foes and up to half again as much damage against particularly
   susceptible opponents.
   It affects your strength (-2).
   It affects your intelligence (+4).
   It protects you from poison.
   It protects you from negative energy.
 Q - the +7 mace of Variability (weapon) {chain chaos}
   (You found it on level 8 of the Dungeon)

   Each time it hits an enemy it has a different, random effect.
 S - a +0 war axe of flaming
Armour
 a - a +0 kite shield
 j - a +1 cloak (worn)
 l - a +0 plate armour (worn)
 p - a +0 pair of gloves (worn)
 N - a +0 hat (worn)
Jewellery
 c - the ring "Anusaditz" (left hand) {MP+9 SInv}
   (You found it on level 6 of the Dungeon)

   [ring of magical power]

   It affects your magic capacity (+9).
   It lets you see invisible.
 i - an uncursed ring of resist corrosion
 m - a ring of protection from fire (right hand)
 t - an uncursed amulet of the acrobat
 F - an amulet of regeneration (around neck)
 G - an uncursed amulet of magic regeneration
 U - a cursed ring of teleportation {unknown}
Wands
 q - a wand of paralysis (20)
 w - a wand of random effects (35)
 H - a wand of acid (3)
 T - a wand of enslavement (6)
Scrolls
 b - 5 scrolls of blinking
 d - 10 scrolls of teleportation
 e - 2 scrolls of magic mapping
 k - 3 scrolls of fear
 n - 2 scrolls of enchant weapon {unknown}
 o - 10 scrolls of remove curse
 s - a scroll of amnesia {unknown}
 u - 4 scrolls of noise
 y - 4 scrolls of enchant armour {unknown}
 A - a scroll of random uselessness {unknown}
 M - a scroll of fog {unknown}
 R - a scroll of acquirement {unknown}
Potions
 g - 4 potions of flight
 h - 3 potions of lignification {unknown}
 v - 2 potions of cancellation {unknown}
 x - 3 potions of curing {unknown}
 z - a potion of invisibility {unknown}
 B - a potion of degeneration {unknown}
 C - 2 potions of might
 D - 2 potions of resistance {unknown}
 E - 4 potions of ambrosia {unknown}
 J - a potion of haste {unknown}
 O - a potion of berserk rage {unknown}
 P - a potion of heal wounds {unknown}


   Skills:
 + Level 9.6 Fighting
 + Level 9.7(10.3) Axes
 + Level 5.4(8.3) Maces & Flails
 + Level 9.3 Armour
 + Level 8.4 Dodging
 - Level 6.7 Shields
 + Level 6.4 Evocations


You had 10 spell levels left.
You didn't know any spells.
Your spell library was empty.

Dungeon Overview and Level Annotations

Branches:
Dungeon (10/15)            Temple (0/1) D:5            Lair (1/6) D:8
Ossuary (visited)
    Orc: D:9-12

Altars:
Makhleb
Qazlal
Sif Muna
Xom

Shops:
D:5 ?   D:6 [   D:9 *

Portals:
Trove: D:10 (give 2 scrolls of acquirement)


Innate Abilities, Weirdness & Mutations

You reflexively headbutt those who attack you in melee.
You have a pair of horns on your head.


Message History

* * * LOW HITPOINT WARNING * * *
The six-headed hydra bites you.
* * * LOW HITPOINT WARNING * * *
A yak comes into view.
You feel very mighty all of a sudden. The yak gores you but does no damage.
The yak gores you.
* * * LOW HITPOINT WARNING * * *
The six-headed hydra bites you.
* * * LOW HITPOINT WARNING * * *
The six-headed hydra bites you but does no damage.
The six-headed hydra closely misses you.
The six-headed hydra barely misses you.
The six-headed hydra bites you but does no damage.
The six-headed hydra barely misses you.
Your skin crawls.
You feel strong-willed. The yak gores you.
* * * LOW HITPOINT WARNING * * *
The yak misses you. The six-headed hydra bites you!
You die...

#..##.≈≈≈≈≈...........#
#.....≈≈#≈≈............
#...Y.≈##≈≈............
#..P#.≈###≈............
......##.Y##≈≈............
.......##.≈≈≈≈≈............
.......#..≈≈≈≈≈............
..###..##YDY...............
## #.. ##@#...####...##...
#..#.###...# ##...##...
.........###.........
######...............
#...............
#...............
#########P#.#... #######


You could see a six-headed hydra (very poisoned) and 4 yaks.

Vanquished Creatures
  2 cane toads (Lair:1)
  Maggie (D:9)
  A troll (D:10)
  Grinder (D:4)
  A hornet (D:7)
  3 wyverns (D:8)
  18 yaks
  2 chaos spawn (D:8)
  A soldier ant (D:9)
  5 water moccasins
  A black bear (D:6)
  2 sky beasts
  4 orc warriors
  2 ice beasts
  An eye of draining (D:9)
  5 ogres
  2 phantoms
  3 centaurs (D:7)
  3 big kobolds
  7 bullfrogs
  2 scorpions
  A wyvern skeleton (D:6)
  5 killer bees (D:10)
  3 wights (D:9)
  5 howler monkeys
  4 electric eels
  2 quasits
  2 bullfrog zombies
  6 centaur zombies
  4 hounds
  9 orc priests
  9 orc wizards
  A centaur skeleton (D:4)
  3 jellies
  A bullfrog skeleton (D:10)
  2 iguanas
  2 human zombies (Ossuary)
  Jessica (D:3)
  10 worker ants
  2 killer bee zombies
  An ogre zombie (Ossuary)
  A hound skeleton (D:7)
  8 mummies
  A worker ant zombie (D:8)
  13 adders
  A shadow imp (D:9)
  2 white imps
  4 oozes
  4 adder zombies (Ossuary)
  2 worms
  A dart slug (D:2)
  4 leopard geckos
  45 orcs
  A ball python (D:2)
  5 bats
  7 giant cockroaches
  7 goblins
  5 hobgoblins
  17 jackals
  11 quokkas
  3 frilled lizards
  4 goblin zombies (Ossuary)
  7 hobgoblin zombies (Ossuary)
  A jackal zombie (D:8)
  19 kobolds
  4 kobold zombies (Ossuary)
  2 leopard gecko zombies
  An orc zombie (Ossuary)
  2 quokka zombies (Ossuary)
  5 rats
  A rat zombie (Ossuary)
328 creatures vanquished.

Vanquished Creatures (others)
  An orc (D:5)
  A fungus (D:8)
  19 plants
21 creatures vanquished.

Grand Total: 349 creatures vanquished

Notes
Turn   | Place    | Note
-------+----------+-------------------------------------------
     0 | D:1      | dtburroughs the Minotaur Berserker began the quest for the
                  | Orb.
     0 | D:1      | Reached XP level 1. HP: 19/19 MP: 0/0
   552 | D:1      | Reached XP level 2. HP: 27/27 MP: 1/1
   695 | D:2      | Reached skill level 1 in Shields
   870 | D:2      | Reached XP level 3. HP: 33/33 MP: 2/2
   952 | D:2      | Reached ** piety under Trog
  1411 | D:2      | Reached XP level 4. HP: 38/40 MP: 3/3
  2096 | D:3      | Noticed Jessica
  2119 | D:3      | Killed Jessica
  2237 | D:3      | Reached XP level 5. HP: 46/47 MP: 4/4
  2681 | D:4      | Noticed an ogre
  2681 | D:4      | Noticed an ogre
  2692 | D:4      | Killed an ogre
  2693 | D:4      | Reached skill level 1 in Evocations
  2695 | D:4      | Killed an ogre
  2696 | D:4      | Reached XP level 6. HP: 24/55 MP: 5/5
  2871 | D:4      | Reached skill level 5 in Axes
  2901 | D:4      | Reached skill level 5 in Fighting
  2981 | D:4      | Reached XP level 7. HP: 37/61 MP: 6/6
  3138 | D:4      | Noticed Grinder
  3138 | D:4      | Paralysed by Grinder for 5 turns
  3155 | D:4      | Killed Grinder
  3184 | D:4      | Found a sand-covered staircase.
  3190 | Ossuary  | Entered an ossuary
  3212 | Ossuary  | Reached *** piety under Trog
  3496 | Ossuary  | Reached skill level 5 in Armour
  3762 | Ossuary  | Reached XP level 8. HP: 70/70 MP: 7/7
  4112 | D:5      | Entered Level 5 of the Dungeon
  4112 | D:5      | Found a stormy altar of Qazlal.
  4147 | D:5      | Found a staircase to the Ecumenical Temple.
  4284 | D:5      | Reached skill level 5 in Dodging
  4584 | D:5      | Reached skill level 5 in Shields
  4585 | D:5      | Reached **** piety under Trog
  4731 | D:5      | Found Uqyq's Magic Scroll Shop.
  5168 | D:5      | Found a shimmering blue altar of Sif Muna.
  5435 | D:6      | Reached XP level 9. HP: 78/78 MP: 8/8
  5438 | D:6      | Found Lyduja's Armour Boutique.
  5575 | D:6      | Found a burning altar of Makhleb.
  5767 | D:6      | Got a scorched amber ring
  5927 | D:6      | Identified the ring "Anusaditz" {MP+9 SInv} (You found it
                  | on level 6 of the Dungeon)
  6268 | D:7      | Paralysed by a hornet for 1 turns
  6316 | D:7      | Reached ***** piety under Trog
  6985 | D:7      | Received a gift from Trog
  6988 | D:7      | Got a glimmering dire flail {god gift}
  6994 | D:7      | Identified the +11 dire flail of Feisaem {flame, rPois rN+
                  | Str-2 Int+4} (Trog gifted it to you on level 7 of the
                  | Dungeon)
  7301 | D:8      | Reached skill level 1 in Maces & Flails
  7304 | D:8      | Reached XP level 10. HP: 60/88 MP: 9/9
  7307 | D:8      | Reached skill level 5 in Evocations
  7446 | D:8      | Found a staircase to the Lair.
  7987 | D:8      | Found the +7 mace of Variability {chain chaos}
  7988 | D:8      | Found a shimmering altar of Xom.
  8088 | D:9      | Noticed Maggie
  8097 | D:9      | Killed Maggie
  8128 | D:9      | Found Selikh's General Store.
  8279 | D:9      | Reached XP level 11. HP: 92/97 MP: 10/10
  9019 | D:10     | Entered Level 10 of the Dungeon
  9063 | D:10     | Found a portal to a secret trove of treasure.
  9129 | D:10     | Reached skill level 5 in Maces & Flails
 10244 | Lair:1   | Entered Level 1 of the Lair of Beasts
 10512 | Lair:1   | Noticed a six-headed hydra
 10530 | Lair:1   | Slain by a six-headed hydra

Illustrated notes

Levels and vault maps discovered:
D:1:      dpeg_arrival_long_road, layout_loops_ring, nrook_mini_vaults,
          minivault_24
D:2:      cheibrodos_old_hovel, layout_loops_corners
D:3:      layout_loops_ring, uniq_jessica
D:4:      layout_rooms, gup_ossuary_entry_pyramid, portal_sewer_entry_f,
          uniq_grinder
D:5:      minmay_clustersquares, layout_basic, tgw_sif,
          minmay_temple_entry_enclosed_plants, serial_shops, shop, basic_altar
D:6:      layout_basic, basic_altar, serial_shops, shop,
          minmay_misc_feat_plants, hangedman_decor_lopped
D:7:      layout_loops_corners, grunt_decor_cap, serial_bayou_pond_a
D:8:      layout_basic, minmay_lair_entry_grove, st_stairs_6,
          minmay_guarded_unrand_variability
D:9:      layout_cave_pods, serial_shops, shop, uniq_maggie
D:10:     layout_basic, enter_trove_2
Lair:1:   layout_gridlike, special_room [special_room_bee]

Skill      XL: |  1  2  3  4  5  6  7  8  9 10 11 |
---------------+----------------------------------+-----
Shields        | 1 2 3 4 5 6 |  6.7
Fighting       | 4 5 6 8 9 |  9.6
Axes           | 4 5 6 8 9 |  9.7
Armour         | 3 4 5 6 7 8 9 |  9.3
Dodging        | 3 4 5 6 8 |  8.4
Evocations     | 1 2 3 4 6 |  6.4
Maces & Flails | 1 4 5 |  5.4

Action                   |  1- 3 |  4- 6 |  7- 9 | 10-12 || total
-------------------------+-------+-------+-------+-------++-------
Melee: Hand axe          |    76 |    98 |   420 |       ||   594
       Headbutt          |     6 |    24 |    78 |    32 ||   140
       Dire flail        |       |       |    15 |    84 ||    99
       Great mace        |       |       |       |   160 ||   160
Invok: Trog's Hand       |       |     2 |     4 |     4 ||    10
Evoke: Wand              |       |       |       |     1 ||     1
  Use: Scroll            |       |       |     7 |     2 ||     9
       Potion            |       |       |       |     1 ||     1
 Stab: Paralysed         |       |       |       |     1 ||     1
       Petrified         |       |       |       |     1 ||     1
Armor: Plate armour      |    49 |    69 |   173 |   148 ||   439
Dodge: Dodged            |    24 |    31 |    72 |   126 ||   253
Block: Buckler           |    10 |     6 |       |       ||    16
       Kite shield       |       |    25 |   143 |       ||   168
